 Dungeon Crawl Stone Soup version 0.21.1-1-g345015f (webtiles) character file.

861 Lecool the Cutter (level 8, -2/42 HPs)
             Began as a Vine Stalker Fighter on June 17, 2018.
             Killed by divine providence
             ... invoked by an orc priest
              (10 damage)
             ... on level 5 of the Dungeon.
             The game lasted 00:50:17 (3461 turns).

Lecool the Cutter (Vine Stalker Fighter)            Turns: 3461, Time: 00:50:18

Health: -2/42      AC: 10    Str: 20    XL:     8   Next: 2%
Magic:  0/9        EV: 16    Int:  8    God:
Gold:   202        SH: 10    Dex: 20    Spells: 7/7 levels left

rFire    . . .     SeeInvis .   a - +0 rapier
rCold    . . .     Gourm    .   c - +0 shield
rNeg     . . .     Faith    +   b - +0 scale mail
rPois    .         Spirit   +   (no helmet)
rElec    .         Reflect  .   x - +0 cloak
rCorr    .         Harm     .   C - +0 pair of gloves
MR       +....                  T - +0 pair of boots
Stlth    ++........             O - amulet of faith
HPRegen  0.54/turn              U - +3 ring of evasion
MPRegen  0.11/turn              (no ring)

@: agile, about to teleport
A: fangs 3, regeneration 1, magic shield, antimagic bite, no potion heal 3, rot
immunity
a: no special abilities


You were on level 5 of the Dungeon.
You were not hungry.

You visited 1 branch of the dungeon, and saw 5 of its levels.

You collected 202 gold pieces.

Inventory:

Hand Weapons
 a - a +0 rapier (weapon)
 o - a +0 short sword
 r - a +0 short sword
 y - a +0 giant club
 B - a +0 blowgun
 D - a +0 whip of venom
 L - a cursed -1 shortbow
 W - a +0 flail of crushing
Missiles
 m - 188 stones (quivered)
 w - 9 bolts
 z - 112 arrows
 H - 2 throwing nets
 P - 4 poisoned needles
Armour
 b - a +0 scale mail (worn)
 c - a +0 shield (worn)
 u - a +0 chain mail
 x - a +0 cloak (worn)
 C - a +0 pair of gloves (worn)
 F - a +0 shield
 I - a +0 pair of gloves
 T - a +0 pair of boots (worn)
Jewellery
 k - an uncursed ring of protection from fire {unknown}
 O - an amulet of faith (around neck)
 U - a +3 ring of evasion (left hand)
Wands
 t - a wand of flame (17)
 K - a wand of polymorph (14)
Scrolls
 g - a scroll of teleportation
 i - 2 scrolls of enchant armour {unknown}
 M - 3 scrolls of remove curse {unknown}
 V - a scroll of immolation {unknown}
Potions
 d - 2 potions of might
 e - a potion of haste {unknown}
 h - a potion of heal wounds {unknown}
 s - a potion of mutation {unknown}
 A - 2 potions of curing {unknown}
 N - 2 potions of brilliance {unknown}
Comestibles
 f - a ration


   Skills:
 + Level 4.4 Fighting
 + Level 5.0 Short Blades
 + Level 3.9 Armour
 + Level 1.7 Dodging
 + Level 0.6 Stealth
 + Level 4.2 Shields
 + Level 0.1 Evocations


You had 7 spell levels left.
You didn't know any spells.

Dungeon Overview and Level Annotations

Branches:
Dungeon (5/15)
 Temple: D:4-7

Altars:
Trog


Innate Abilities, Weirdness & Mutations

You have razor-sharp teeth.
Your natural rate of healing is unusually fast.
When hurt, damage is shared between your health and your magic reserves.
Your bite disrupts and absorbs the magic of your enemies.
Potions cannot restore your health.
You are immune to rotting.


Message History

The orc priest invokes the aid of Beogh against you.
Beogh smites you!
* * * LOW HITPOINT WARNING * * *
The orc wizard falters for a moment.
You closely miss the orc wizard.
The orc wizard is moderately wounded.
The howler monkey hits you.
* * * LOW HITPOINT WARNING * * *
The orc wizard hits you but does no damage.
As you read the scroll of teleportation, it crumbles to dust.
You feel strangely unstable.
The orc wizard hits you but does no damage.
You block the howler monkey's attack.
The orc priest hits you but does no damage.
You block the orc wizard's attack. The orc wizard closely misses you.
You block the howler monkey's attack.
You feel agile all of a sudden.
The orc priest mumbles some strange prayers to Beogh against you.
Beogh smites you!
You die...

...##.............[.#
.
...................##
.................#..#
...............###..#
...............###..#
....#####....>..###..
...## ##........#...
...# #......†.#...#
#...#....@o#....
..####..hoo# ..
#....... #..##...#
#..## ...# #<. ..##
..# ... ... #..#


You could see a howler monkey, an orc priest and 2 orc wizards.

Vanquished Creatures
  The ghost of Boondog the Magician, an amateur SpEE (D:3)
  An ice beast (D:4)
  2 ogres
  A centaur (D:5)
  2 hounds
  A jelly (D:2)
  An orc priest (D:4)
  A worker ant (D:3)
  A worker ant zombie (D:5)
  8 gnolls
  9 adders
  3 dart slugs
  7 leopard geckos
  13 orcs
  3 ball pythons
  8 bats
  6 goblins
  9 hobgoblins
  11 kobolds
  A quokka (D:2)
  10 frilled lizards
  5 rats
104 creatures vanquished.

Notes
Turn   | Place    | Note
-------+----------+-------------------------------------------
     0 | D:1      | Lecool the Vine Stalker Fighter began the quest for the Orb.
     0 | D:1      | Reached XP level 1. HP: 11/11 MP: 2/2
    85 | D:1      | Reached XP level 2. HP: 16/16 MP: 3/3
   107 | D:1      | Reached skill level 2 in Short Blades
   245 | D:1      | Reached XP level 3. HP: 18/20 MP: 4/4
   820 | D:2      | Gained mutation: Your natural rate of healing is unusually fast. [Vine Stalker growth]
   820 | D:2      | Reached XP level 4. HP: 12/24 MP: 5/5
  1096 | D:2      | Reached skill level 3 in Short Blades
  1492 | D:2      | Reached XP level 5. HP: 28/28 MP: 6/6
  2040 | D:3      | Reached XP level 6. HP: 30/33 MP: 5/7
  2142 | D:3      | Noticed Boondog's ghost (amateur SpEE)
  2153 | D:3      | Killed Boondog's ghost
  2153 | D:3      | Reached skill level 4 in Short Blades
  2514 | D:3      | Found a bloodstained altar of Trog.
  2682 | D:4      | Noticed an ice beast
  2700 | D:4      | Killed an ice beast
  2700 | D:4      | Reached skill level 1 in Dodging
  2700 | D:4      | Reached XP level 7. HP: 23/37 MP: 8/8
  3256 | D:5      | Entered Level 5 of the Dungeon
  3381 | D:5      | Reached skill level 5 in Short Blades
  3381 | D:5      | Gained mutation: You have razor-sharp teeth. [Vine Stalker growth]
  3381 | D:5      | Reached XP level 8. HP: 40/42 MP: 9/9
  3461 | D:5      | Killed from afar by an orc priest

Skill      XL: |  1  2  3  4  5  6  7 |
---------------+----------------------+-----
Short Blades   | 2 3 4 5 |  5.0
Fighting       | 3 4 |  4.4
Shields        | 3 4 |  4.2
Armour         | 3 |  3.9
Dodging        | 1 |  1.7
Stealth        | |  0.6
Evocations     | |  0.1

Action                   |  1- 3 |  4- 6 |  7- 9 || total
-------------------------+-------+-------+-------++-------
Melee: Rapier            |    73 |   169 |   117 ||   359
       Bite              |    19 |    44 |    42 ||   105
Evoke: Wand              |       |       |     4 ||     4
  Use: Scroll            |     3 |     3 |     1 ||     7
       Potion            |       |       |     3 ||     3
  Eat: Ration            |       |     2 |     1 ||     3
Armor: Scale mail        |    16 |    69 |    42 ||   127
Dodge: Dodged            |    25 |    38 |    61 ||   124
Block: Shield            |    29 |    64 |    60 ||   153
